 Dungeon Crawl Stone Soup version 0.31-a0-965-g8a8ce12e04 (webtiles) character file.

Game seed: 6367239384074279564

372 Dordric the Ruffian (level 6, 0/38 HPs)
             Began as an Octopode Shapeshifter on Oct 27, 2023.
             Slain by an ice beast (3 damage)
             ... on level 5 of the Dungeon.
             The game lasted 00:05:41 (3404 turns).

Dordric the Ruffian (Octopode Shapeshifter)         Turns: 3404, Time: 00:05:42

Health: 0/38       AC:  1    Str: 16    XL:     6   Next: 71%
Magic:  6/6        EV: 13    Int: 12    God:
Gold:   224        SH:  0    Dex: 11    Spells: 5/5 levels left

rFire   . . .        t - +2 hand axe (venom)
rCold   . . .        (no shield)
rNeg    . . .        (helmet currently unavailable)
rPois   .            (no amulet)
rElec   .            (no ring)
rCorr   .            (no ring)
SInv    .            (no ring)
Will    .....        (no ring)
Stlth   ++           (no ring)
HPRegen 0.26/turn    (no ring)
MPRegen 0.10/turn    (no ring)
                     (no ring)

%: no passive effects
@: beast-form
A: beast (slay +3), almost no armour, amphibious, 8 rings, camouflage 1,
gelatinous body 1, (nimble swimmer 1), tentacles
a: Begin Untransformation


You were on level 5 of the Dungeon.
You were a hulking beast.
You visited 1 branch of the dungeon, and saw 5 of its levels.

You collected 224 gold pieces.

Inventory:

Hand Weapons
 t - a +2 hand axe of venom (weapon)
Jewellery
 v - a ring of protection from fire
Talismans
 b - a beast talisman
 c - a flux talisman
Scrolls
 j - a scroll of brand weapon (quivered) {unknown}
 m - a scroll of fog
 o - a scroll of revelation
 p - 3 scrolls of blinking
 s - 2 scrolls of vulnerability
 u - a scroll of noise
Potions
 a - a potion of lignification
 d - 4 potions of curing {unknown}
 e - a potion of cancellation {unknown}
 g - a potion of brilliance {unknown}
 h - 2 potions of ambrosia {unknown}
 i - a potion of resistance {unknown}
 k - a potion of berserk rage {unknown}
 n - 2 potions of might {unknown}
 r - 2 potions of heal wounds {unknown}


   Skills:
 - Level 1.0 Fighting
 - Level 2.0 Dodging
 + Level 5.5 Unarmed Combat
 + Level 5.2 Shapeshifting


You had 5 spell levels left.
You didn't know any spells.
Your spell library contained the following spells:

 Spells                   Type           Power      Damage    Failure   Level
 Sandblast                Erth           0%         2d4       32%         1
 Slow                     Hex            0%         N/A       32%         1
 Cigotuvi's Dreadful Rot  Necr/Pois/Air  0%         N/A       45%         2
 Ensorcelled Hibernation  Hex/Ice        0%         N/A       45%         2
 Passwall                 Tmut/Erth      0%         N/A       45%         2
 Confusing Touch          Hex            0%         N/A       69%         3
 Dazzling Flash           Conj/Hex       0%         N/A       69%         3
 Ignite Poison            Fire/Tmut/Pois 0%         N/A       69%         3
 Ozocubu's Armour         Ice            0%         N/A       69%         3
 Sigil of Binding         Hex            0%         N/A       69%         3
 Stone Arrow              Conj/Erth      0%         3d7       69%         3
 Swiftness                Air            0%         N/A       69%         3
 Vampiric Draining        Necr           0%         2d6       69%         3
 Volatile Blastmotes      Fire/Tloc      0%         2d10      69%         3
 Brom's Barrelling Bould  Conj/Erth      0%         2d3       97%         4
 Freezing Cloud           Conj/Ice/Air   0%         6-21      100%        5
 Starburst                Conj/Fire      0%         6d3       100%        6
 Ozocubu's Refrigeration  Ice            0%         4d7       100%        7
 Maxwell's Capacitive Co  Air            0%         ∞         100%        8


Dungeon Overview and Level Annotations

Branches:
Dungeon (5/15)
 Temple: D:4-7

Altars:
Dithmenos
Zin

Shops:
D:1 =   D:2 =   D:3 (*[[:


Innate Abilities, Weirdness & Mutations

You are a hulking beast.
Your limbs bulge with bestial killing power. (Slay +3)
You cannot wear most types of armour.
You are amphibious.
You can wear up to eight rings at the same time.
Your skin changes colour to match your surroundings (Stealth+).
Your rubbery body absorbs attacks. (AC +1, EV +1)
((You are camouflaged when in or above water. (Stealth+)))
You have tentacles for arms and can constrict up to eight enemies at once.


Message History

You slash the iguana!
The iguana is poisoned.
Your grab misses the iguana.
The iguana is severely wounded.
The iguana misses you.
You hit the iguana but do no damage.
The iguana looks as sick as possible!
Your grab misses the iguana. Your squeeze misses the iguana.
The iguana is severely wounded.
The iguana closely misses you. The iguana bites you!
You hit the iguana but do no damage.
The iguana looks as sick as possible!
You grab the iguana.
The iguana is severely wounded.
You constrict the iguana, but do no damage.
The iguana misses you.
You hit the iguana but do no damage.
The iguana looks as sick as possible!
The iguana is almost dead.
You constrict the iguana.
You kill the iguana!
No target in view!
No target in view!
You start resting.
HP restored.
You climb downwards.
There is a stone staircase leading up here.
You hit the ice beast.
You squeeze the ice beast, but do no damage.
The ice beast is lightly wounded.
The ice beast hits you. The ice beast freezes you!
You hit the ice beast.
The ice beast is moderately wounded.
The ice beast barely misses you.
You barely miss the ice beast.
The ice beast is moderately wounded.
The ice beast hits you. The ice beast freezes you!
* * * LOW HITPOINT WARNING * * *
The ice beast hits you.
* * * LOW HITPOINT WARNING * * *
The ice beast freezes you.
* * * LOW HITPOINT WARNING * * *
There is a stone staircase leading up here.
The ice beast hits you.
You die...

###########
#.........#
#......Yh.#
#...............
#............###
#.:....(..##!#
#.........# ..
###........ ..
##........ .
###.......


You could see an ice beast.

Vanquished Creatures
  A scorpion (D:4)
  An orc priest (D:4)
  3 hounds
  An iguana (D:4)
  4 adders
  4 gnolls (D:4)
  2 dart slugs
  16 orcs
  6 ball pythons
  8 endoplasms
  3 giant cockroaches
  7 goblins
  5 hobgoblins
  6 quokkas
  4 bats
  6 frilled lizards
  3 kobolds
  4 rats
84 creatures vanquished.

Notes
Turn   | Place    | Note
-------+----------+-------------------------------------------
     0 | D:1      | Dordric the Octopode Shapeshifter began the quest for the
                  | Orb.
     0 | D:1      | Reached XP level 1. HP: 13/13 MP: 1/1
   166 | D:1      | Reached XP level 2. HP: 18/18 MP: 2/2
   208 | D:1      | Found Wyathruhi's Jewellery Emporium.
   824 | D:2      | Reached XP level 3. HP: 20/23 MP: 3/3
   938 | D:2      | Found a faded altar of an unknown god.
  1077 | D:2      | Reached XP level 4. HP: 23/28 MP: 4/4
  1105 | D:2      | Found Etyiqeola's Jewellery Boutique.
  1375 | D:2      | Prayed at the altar of an unknown god.
  1461 | D:3      | Found Gili's Armour Emporium.
  1596 | D:3      | Found Cuigefer's Book Shoppe.
  1649 | D:3      | Found Etsuu's Antique Armour Emporium.
  1911 | D:3      | Found Vyinuiru's Weapon Emporium.
  1994 | D:3      | Found Fackav's Assorted Antiques.
  2068 | D:4      | Reached XP level 5. HP: 18/33 MP: 5/5
  2370 | D:4      | Found a shadowy altar of Dithmenos.
  2480 | D:4      | Reached skill level 5 in Unarmed Combat
  2480 | D:4      | Reached XP level 6. HP: 22/38 MP: 6/6
  2637 | D:4      | Reached skill level 5 in Shapeshifting
  3292 | D:5      | Entered Level 5 of the Dungeon
  3361 | D:5      | Noticed an ice beast
  3404 | D:5      | Slain by an ice beast

Illustrated notes

Levels and vault maps discovered:
D:1:      sevenhm_arrival_forest_fort_small_5, layout_basic, serial_shops,
          nicolae_lakefront_shop
D:2:      layout_loops_ring, dilly_ecumenical_altar_fadedgnrine, serial_shops,
          shop
D:3:      layout_basic, serial_shops, shop, nicolae_shop_peninsula,
          nicolae_shop_getting_attention, nicolae_shop_real_fake_doors,
          nicolae_shop_back_alley_shop, minmay_circle_x
D:4:      layout_basic, nicolae_dithmenos_the_darkroom
D:5:      layout_rooms, mainiacjoe_overflow_catch_the_wave,
          gammafunk_ghost_abyssal_escape, uniq_sigmund

Skill      XL: |  1  2  3  4  5  6 |
---------------+-------------------+-----
Unarmed Combat | 4 5 |  5.5
Shapeshifting  | 4 5 |  5.2
Fighting       | |  1.0
Dodging        | |  2.0

Action                     |  1- 3 |  4- 6 || total
---------------------------+-------+-------++-------
  Melee: Unarmed           |    46 |    63 ||   109
         Tentacles         |    13 |    13 ||    26
         Constrict         |     9 |    33 ||    42
         Punch             |       |     4 ||     4
         Hand axe          |       |    41 ||    41
    Use: Scroll            |       |     7 ||     7
   Stab: Sleeping          |     8 |     7 ||    15
 Armour: Skin              |     8 |    48 ||    56
  Dodge: Dodged            |    20 |    63 ||    83

Table legend: (Time is in decaauts)
 A = Elapsed time spent in this place.
 B = Non-inter-level travel time spent in this place.
 C = Inter-level travel time spent in this place.
 D = Time resting spent in this place.
 E = Time spent auto-exploring this place.
 F = Levels seen in this place.
 G = Mean time per level.
                   A        B        C        D        E       F      G
               +--------+--------+--------+--------+--------+-----+--------+
         Total |   3409 |   3310 |     99 |    242 |   2501 |   5 |  681.8 |
       Dungeon |   3409 |   3310 |     99 |    242 |   2501 |   5 |  681.8 |
               +--------+--------+--------+--------+--------+-----+--------+

Top non-repeatable levels by time:
     D:4: 1382 daAuts
     D:1: 774 daAuts
     D:2: 637 daAuts
     D:3: 589 daAuts
     D:5: 25 daAuts
